 Dungeon Crawl Stone Soup version 0.31.0-32-g396128a36d (webtiles) character file.

Game seed: 18127960034228904215

50372 Peloso the Fencer (level 14, -2/127 (129) HPs)
             Began as a Minotaur Fighter on Apr 6, 2024.
             Was a High Priest of Okawaru.
             Slain by an orc knight
             ... wielding a +0 war axe
              (23 damage)
             ... on level 2 of the Orcish Mines.
             The game lasted 00:45:51 (25112 turns).

Peloso the Fencer (Minotaur Fighter)               Turns: 25112, Time: 00:45:51

HP:   -2/127 (129)  AC: 23    Str: 18    XL:     14   Next: 19%
MP:   5/5           EV: 10    Int:  5    God:    Okawaru [*****.]
Gold: 1542          SH: 15    Dex: 28    Spells: 13/13 levels left

rFire   + + .        a - +8 long sword "Buwy" {antimagic, Dex+3}
rCold   + + .        d - +0 buckler
rNeg    . . .        J - +8 chain mail of the Endless Expanse {Dex+4}
rPois   .            (helmet restricted)
rElec   .            x - scarf {rC+ rF+}
rCorr   +            L - +0 pair of gloves
SInv    .            (no boots)
Will    +....        g - amulet of reflection
Stlth   +            j - +6 ring of dexterity
HPRegen 0.41/turn    z - ring of Valumat {rF+ rC+ rCorr Str-3 Stlth+}
MPRegen 0.09/turn

%: reflection
@: lightly drained
A: horns 2, retaliatory headbutt
a: Renounce Religion, Heroism, Finesse, Duel


You were on level 2 of the Orcish Mines.
You worshipped Okawaru.
Okawaru was extremely pleased with you.
You visited 4 branches of the dungeon, and saw 18 of its levels.

You collected 1686 gold pieces.
You spent 144 gold pieces at shops.

Inventory:

Hand Weapons
 a - the +8 long sword "Buwy" (weapon) {antimagic, Dex+3}
   (You bought it in a shop on level 1 of the Orcish Mines)

   Dex+3:     It affects your dexterity (+3).
 b - a +1 long sword
 c - a +2 whip of flaming
Armour
 d - a +0 buckler (worn)
 x - a scarf of resistance (worn)
 J - the +8 chain mail of the Endless Expanse (worn) {Dex+4}
   (You found it on level 12 of the Dungeon)

   Dex+4:     It affects your dexterity (+4).
 L - a +0 pair of gloves (worn)
Jewellery
 g - an amulet of reflection (around neck)
 j - a +6 ring of dexterity (left hand)
 k - a ring of resist corrosion
 p - a +6 ring of strength
 q - a ring of protection from fire
 z - the ring of Valumat (right hand) {rF+ rC+ rCorr Str-3 Stlth+}
   (You found it on level 1 of the Lair of Beasts)

   [ring of protection from fire]

   Str-3:     It affects your strength (-3).
   rF+:       It protects you from fire.
   rC+:       It protects you from cold.
   rCorr:     It protects you from acid and corrosion.
   Stlth+:    It makes you more stealthy.
 A - a ring of see invisible
 E - an amulet of guardian spirit
 H - an amulet of magic regeneration
 O - a ring of magical power
 P - a ring of willpower
Talismans
 l - a flux talisman
 o - a dragon-blood talisman
 u - a maw talisman
 R - a serpent talisman
Wands
 M - a wand of flame (19)
 N - a wand of polymorph (2)
Scrolls
 f - 2 scrolls of identify
 h - 4 scrolls of immolation
 m - 2 scrolls of amnesia
 t - 2 scrolls of fog
 v - a scroll of enchant weapon
 y - a scroll of torment {unknown}
 B - a scroll of poison {unknown}
 C - 2 scrolls of revelation {unknown}
 G - a scroll of summoning {unknown}
 K - 2 scrolls of blinking {unknown}
 Q - a scroll of vulnerability
Potions
 e - 5 potions of might
 i - 2 potions of ambrosia
 n - a potion of brilliance
 s - 6 potions of curing
 w - 2 potions of cancellation
 D - a potion of mutation
 F - 2 potions of magic {unknown}
Miscellaneous
 I - a phial of floods


   Skills:
 + Level 13.4 Fighting
 + Level 16.3 Long Blades
 + Level 2.7 Maces & Flails
 + Level 14.8 Armour
 + Level 2.6 Dodging
 + Level 1.4 Stealth
 + Level 15.1 Shields
 + Level 2.7 Invocations
 + Level 1.2 Evocations


You had 13 spell levels left.
You didn't know any spells.
Your spell library contained the following spells:

 Spells                   Type           Power      Damage    Failure   Level
 Sandblast                Erth           0%         2d4       97%         1
 Sting                    Conj/Alch      0%         1d3       97%         1
 Mercury Vapours          Alch/Air       0%         N/A       99%         2
 Gell's Gravitas          Tloc           0%         N/A       100%        3
 Inner Flame              Hex/Fire       0%         N/A       100%        3
 Mephitic Cloud           Conj/Alch/Air  0%         N/A       100%        3
 Passwall                 Erth           0%         N/A       100%        3
 Stone Arrow              Conj/Erth      0%         3d7       100%        3
 Teleport Other           Tloc           0%         N/A       100%        3
 Volatile Blastmotes      Fire/Tloc      0%         2d10      100%        3
 Brom's Barrelling Bould  Conj/Erth      0%         2d3       100%        4
 Dimensional Bullseye     Hex/Tloc       0%         N/A       100%        4
 Flame Wave               Conj/Fire      0%         2d4       100%        4
 Fulminant Prism          Conj/Alch      0%         3d5       100%        4
 Iskenderun's Mystic Bla  Conj/Tloc      0%         2d3       100%        4
 Olgreb's Toxic Radiance  Alch           0%         N/A       100%        4
 Passage of Golubria      Tloc           0%         N/A       100%        4
 Sticky Flame             Fire/Alch      0%         2d4       100%        4
 Borgnjor's Vile Clutch   Necr/Erth      0%         N/A       100%        5
 Freezing Cloud           Conj/Ice/Air   0%         6-21      100%        5
 Silence                  Hex/Air        0%         N/A       100%        5
 Yara's Violent Unravell  Hex/Alch       0%         3d3       100%        5
 Dispersal                Tloc           0%         N/A       100%        6
 Lehudib's Crystal Spear  Conj/Erth      0%         10d2      100%        8
 Tukima's Dance           Hex            Unusable   N/A       N/A         3
 Animate Dead             Necr           Unusable   N/A       N/A         4
 Death Channel            Necr           Unusable   N/A       N/A         6

Dungeon Overview and Level Annotations

Branches:
Dungeon (12/15)            Temple (1/1) D:4            Lair (3/5) D:8
  Swamp (0/4) Lair:2        Snake (0/4) Lair:3          Orc (2/2) D:12
    Elf (0/3) Orc:2

Altars:
Ashenzari
Cheibriados
Dithmenos
Elyvilon
Fedhas
Gozag
Hepliaklqana
Kikubaaqudgha
Makhleb
Nemelex Xobeh
Okawaru
Qazlal
Ru
Sif Muna
Trog
Uskayaw
Vehumet
Wu Jian
Xom
Yredelemnul
Zin
The Shining One

Shops:
D:6 *   D:7 [   D:12 (   Orc:1 (=   Orc:2 =:

Annotations:
D:8 3 runed translucent doors, Quickbrownfox's ghost, novice OpSh
D:9 5 runed translucent doors
Lair:2 Fly
Orc:2 Saint Roka


Innate Abilities, Weirdness & Mutations

You have a pair of horns on your head.
You reflexively headbutt those who attack you in melee.


Message History

Your headbutt misses the orc sorcerer.
The orc sorcerer is severely wounded.
You slice the orc sorcerer!!
You kill the orc sorcerer!
Okawaru accepts your kill.
The orc knight roars a battlecry!
The orc warrior goes into a battle-frenzy!
The orc warrior barely misses you.
Unknown command.
Saint Roka roars a battlecry!
Items here: ( )))) [ ††.
The orc priest calls down the wrath of Beogh upon you.
Beogh smites you!
* * * LOW HITPOINT WARNING * * *
Things that are here:
a +1 dagger of venom; a +0 robe Saint Roka calls down the wrath of Beogh upon you.
Beogh smites you!
* * * LOW HITPOINT WARNING * * *
You see here a +0 flail.
Things that are here:
a +0 scimitar; a +0 plate armour Unknown command.
You feel much better.
Okay, then.
As you read the scroll labelled ZID UMNEEWNIE, it crumbles to dust.
You assume a fearsome visage.
The orc knight resists with almost no effort.
Saint Roka easily resists.
The orc warrior looks frightened! x2
The orc priest looks frightened!
The orc warrior looks frightened!
It was a scroll of fear.
Saint Roka mumbles some strange prayers to Beogh against you.
Beogh smites you!
* * * LOW HITPOINT WARNING * * *
The orc knight hits you with a +0 war axe.
* * * LOW HITPOINT WARNING * * *
You feel better.
Saint Roka roars a battlecry!
The orc knight hits you with a +0 war axe!!
You die...

....###.o...###...........#####..
...## #8...8# ##o......#..)).....
...# ##.o.#####oo.....######....
)..#...#o.o#...#o#.#..## ##......
...#...'.ooo...#o###### #.......
...#...#.o.#...#)# ##......
...#####.8.#####)# ##.##.. .^.#
#..o# #o# ####.# ...# '..oo #@#
#.# ...# .#...# #.# ###
.#.#####...# ##.# # ....# 8...8
#..# # ....## ##.## # .)...###
###..# ####### #.##...#####...##
#...... #####.........## #.#####
########### #.#._.#


You could see Saint Roka (strong), an orc knight (strong), 2 orc warriors and 2
orcs.

Vanquished Creatures
  5 hydras
  2 catoblepae
  A boulder beetle (D:11)
  5 two-headed ogres
  An orc high priest (Orc:1)
  Lodul (D:11)
  3 skysharks (Lair:3)
  2 bog bodies (Lair:2)
  Pikel (D:5)
  A deep elf pyromancer (D:8)
  2 orc knights (Orc:2)
  An orc sorcerer (Orc:2)
  An ugly thing (D:12)
  2 cyclopes
  6 kobold blastminers (Orc:2)
  A gargoyle (D:10)
  4 black mambas
  2 cane toads
  A rime drake (Lair:1)
  A kobold demonologist (D:11)
  3 komodo dragons
  A freezing wraith (D:11)
  A tengu conjurer (D:11)
  4 trolls
  23 blink frogs
  A polar bear (Lair:1)
  5 dream sheep (Lair:2)
  A hornet (D:9)
  8 slime creatures
  A spriggan (shapeshifter) (D:9)
  2 wraiths (D:12)
  2 steam dragons
  47 yaks
  8 wyverns
  2 wargs
  2 vampire mosquitoes (D:11)
  Edmund (D:4)
  Menkaure (D:4)
  2 acid dragons
  7 water moccasins
  2 ice beasts
  32 orc warriors
  A sky beast (D:7)
  2 black bears (D:6)
  18 wolves
  15 ogres
  2 centaurs
  A lemure (D:5)
  A phantom (D:5)
  13 kobold brigands
  13 bullfrogs
  A scorpion (D:5)
  15 wights
  5 killer bees
  9 howler monkeys
  4 electric eels (D:10)
  A jelly (D:6)
  A bombardier beetle (D:4)
  6 hounds
  18 orc priests
  2 gnoll boudas (D:5)
  4 iguanas
  31 orc wizards
  4 hell rats (D:8)
  Robin (D:4)
  A gnoll (D:5)
  9 adders
  A shadow imp (D:5)
  A white imp (D:8)
  2 dart slugs
  3 ribbon worms
  100 orcs
  4 bats
  5 endoplasms
  2 giant cockroaches
  22 goblins
  13 hobgoblins
  7 jackals
  21 kobolds
  4 quokkas
  4 ball pythons
  4 frilled lizards
  7 rats
577 creatures vanquished.

Vanquished Creatures (others)
  An unseen horror (D:10)
  2 orc wizards
3 creatures vanquished.

Grand Total: 580 creatures vanquished

Notes
Turn   | Place    | Note
-------+----------+-------------------------------------------
     0 | D:1      | Peloso the Minotaur Fighter began the quest for the Orb.
     0 | D:1      | Reached XP level 1. HP: 19/19 MP: 0/0
    52 | D:1      | Reached XP level 2. HP: 27/27 MP: 1/1
   560 | D:1      | Reached XP level 3. HP: 33/33 MP: 2/2
   561 | D:1      | Reached skill level 3 in Long Blades
  1049 | D:2      | Reached XP level 4. HP: 33/40 MP: 3/3
  1560 | D:3      | Found a snail-covered altar of Cheibriados.
  1562 | D:3      | Found a basalt altar of Yredelemnul.
  1565 | D:3      | Found a sacrificial altar of Ru.
  1721 | D:3      | Reached skill level 4 in Long Blades
  2187 | D:4      | Noticed Menkaure
  2355 | D:3      | Reached skill level 1 in Dodging
  2355 | D:3      | Reached XP level 5. HP: 24/47 MP: 4/4
  2494 | D:4      | Killed Menkaure
  2495 | D:4      | Reached skill level 5 in Long Blades
  2495 | D:4      | Reached XP level 6. HP: 11/53 MP: 5/5
  2670 | D:4      | Noticed Edmund
  2689 | D:4      | Killed Edmund
  2690 | D:4      | Reached skill level 6 in Long Blades
  2690 | D:4      | Reached skill level 5 in Armour
  2726 | D:4      | Reached skill level 5 in Fighting
  2726 | D:4      | Reached XP level 7. HP: 22/61 MP: 6/6
  2953 | D:4      | Noticed Robin
  2959 | D:4      | Killed Robin
  2961 | D:4      | Reached skill level 5 in Shields
  3149 | D:4      | Found a staircase to the Ecumenical Temple.
  3311 | Temple   | Entered the Ecumenical Temple
  3341 | Temple   | Became a worshipper of Warmaster Okawaru
  3379 | D:5      | Entered Level 5 of the Dungeon
  3473 | D:5      | Found a radiant altar of Vehumet.
  3532 | D:5      | Found a white marble altar of Elyvilon.
  3612 | D:5      | Reached skill level 7 in Long Blades
  3921 | D:5      | Noticed Pikel
  3943 | D:5      | Killed Pikel
  3943 | D:5      | Reached * piety under Okawaru
  3943 | D:5      | Reached ** piety under Okawaru
  3944 | D:5      | Reached skill level 8 in Long Blades
  3944 | D:5      | Reached XP level 8. HP: 56/70 MP: 7/7
  4152 | D:5      | Noticed a troll
  4166 | D:5      | Killed a troll
  4401 | D:5      | Reached skill level 9 in Long Blades
  4529 | D:5      | Reached XP level 9. HP: 78/78 MP: 8/8
  4533 | D:5      | Reached *** piety under Okawaru
  4590 | D:5      | Reached skill level 10 in Long Blades
  4948 | D:6      | Found an ancient bone altar of Kikubaaqudgha.
  5036 | D:6      | Found a bloodstained altar of Trog.
  5344 | D:6      | Found a hide-covered altar of Uskayaw.
  5463 | D:6      | Found Innit's Overcharged Wands.
  5683 | D:7      | Noticed a cyclops
  5701 | D:7      | Killed a cyclops
  5701 | D:7      | Reached **** piety under Okawaru
  5702 | D:7      | Reached skill level 11 in Long Blades
  5941 | D:7      | Reached skill level 1 in Invocations
  6461 | D:7      | Reached XP level 10. HP: 88/88 MP: 10/10
  6585 | D:7      | Found Osycsaw's Antique Armour Emporium.
  7265 | D:8      | Found a runed translucent gate.
  7785 | D:8      | Found a staircase to the Lair.
  8013 | D:8      | Found a blossoming altar of Fedhas.
  8144 | D:8      | Found a runed translucent gate.
  8144 | D:8      | Noticed Quickbrownfox's ghost (novice OpSh)
  8145 | D:8      | Found a runed translucent gate.
  8392 | D:8      | Reached skill level 10 in Armour
  8398 | D:8      | Reached ***** piety under Okawaru
  8611 | D:8      | Found a glowing silver altar of Zin.
  8611 | D:8      | Noticed an angel
  8640 | D:8      | Noticed a deep elf pyromancer
  8649 | D:8      | Killed a deep elf pyromancer
  8650 | D:8      | Reached skill level 12 in Long Blades
  9014 | D:9      | Received a gift from Okawaru
  9276 | D:9      | Noticed a swamp dragon
  9276 | D:9      | a swamp dragon changed into a spriggan
  9284 | D:9      | Reached XP level 11. HP: 95/95 MP: 11/11
  9292 | D:9      | Reached skill level 13 in Long Blades
  9578 | D:9      | Reached skill level 10 in Shields
  9647 | D:9      | Noticed a wolf spider
  9647 | D:9      | Noticed a wolf spider
  9648 | D:9      | Found a runed translucent door.
  9648 | D:9      | Noticed a wolf spider
  9658 | D:9      | Found a runed translucent gate.
  9658 | D:9      | Noticed a wolf spider
  9662 | D:9      | Found a runed translucent gate.
  9662 | D:9      | Found a runed translucent gate.
  9664 | D:9      | Found a runed translucent door.
  9665 | D:9      | Noticed a wolf spider
  9686 | D:9      | Found the +9 staff of Olgreb {rPois∞}
 10435 | D:10     | Entered Level 10 of the Dungeon
 10453 | D:10     | Noticed a two-headed ogre
 11151 | D:10     | Killed a two-headed ogre
 11236 | D:10     | Noticed a two-headed ogre
 11512 | D:10     | Found a burning altar of Makhleb.
 11923 | D:10     | Killed a two-headed ogre
 12142 | D:10     | Received a gift from Okawaru
 12665 | D:11     | Noticed a two-headed ogre
 12673 | D:11     | Killed a two-headed ogre
 12985 | D:11     | Reached skill level 14 in Long Blades
 12985 | D:11     | Noticed Lodul
 12998 | D:11     | Killed Lodul
 13486 | D:11     | Reached skill level 10 in Fighting
 13486 | D:11     | Reached XP level 12. HP: 103/106 MP: 12/12
 14025 | D:11     | Noticed a two-headed ogre
 14305 | D:11     | Killed a two-headed ogre
 14305 | D:11     | Received a gift from Okawaru
 14823 | Lair:1   | Entered Level 1 of the Lair of Beasts
 15432 | Lair:1   | Identified the ring of Valumat {rF+ rC+ rCorr Str-3 Stlth+}
 15886 | Lair:1   | Received a gift from Okawaru
 16023 | Lair:1   | Reached skill level 15 in Long Blades
 16277 | Lair:1   | Noticed a seven-headed hydra
 16298 | Lair:1   | Killed a seven-headed hydra
 16301 | Lair:1   | Reached skill level 1 in Stealth
 16814 | Lair:2   | Noticed a catoblepas
 16844 | Lair:2   | Killed a catoblepas
 17191 | Lair:2   | Noticed a catoblepas
 17222 | Lair:1   | Killed a catoblepas
 17250 | Lair:2   | Reached skill level 1 in Maces & Flails
 17370 | Lair:2   | Reached XP level 13. HP: 102/117 MP: 13/13
 17921 | Lair:2   | Found a staircase to the Swamp.
 17948 | Lair:2   | Reached ****** piety under Okawaru
 17948 | Lair:2   | Received a gift from Okawaru
 19298 | Lair:3   | Found a staircase to the Snake Pit.
 20212 | Lair:3   | Reached skill level 16 in Long Blades
 20949 | D:12     | Found a staircase to the Orcish Mines.
 20974 | D:12     | Found Extot's Weapon Boutique.
 21003 | D:12     | Received a gift from Okawaru
 21256 | D:12     | Identified the +0 chain mail of Too Many Cooks {Int+3}
 21444 | D:12     | Identified the +8 chain mail of the Endless Expanse {Dex+4}
 22497 | D:12     | Reached skill level 1 in Evocations
 22844 | Orc:1    | Entered Level 1 of the Orcish Mines
 22887 | Orc:1    | Found Wegou's Jewellery Emporium.
 22894 | Orc:1    | Found Hiem's Antique Weapon Boutique.
 22946 | Orc:1    | Bought a fine long sword for 144 gold pieces
 22946 | Orc:1    | Identified the +8 long sword "Buwy" {antimagic, Dex+3} (You
                  | bought it in a shop on level 1 of the Orcish Mines)
 23533 | Orc:2    | Entered Level 2 of the Orcish Mines
 23546 | Orc:2    | Received a gift from Okawaru
 23803 | Orc:2    | Reached XP level 14. HP: 107/129 MP: 5/15
 24292 | Orc:2    | Found a staircase to the Elven Halls.
 24629 | Orc:2    | Found Cajiaceu's Book Shoppe.
 24715 | Orc:2    | Found Kaodax's Jewellery Shoppe.
 24841 | Orc:2    | Reached skill level 15 in Shields
 25077 | Orc:2    | Noticed Saint Roka
 25087 | Orc:2    | Paralysed by an orc sorcerer for 5 turns
 25112 | Orc:2    | Slain by an orc knight

Illustrated notes

Levels and vault maps discovered:
D:1:      minmay_arrival_four_loops, layout_loops_ring, minmay_distorted
D:2:      layout_rooms
D:3:      layout_loops_ring, grunt_temple_overflow_open, kennysheep_another_room
D:4:      layout_cave_pools, minmay_temple_entry_drinking_statues,
          minmay_tree_intersection, uniq_edmund, uniq_robin, uniq_menkaure
D:5:      layout_rooms, elyvilon_altar_5, nicolae_vehumet_altar_sigil,
          kennysheep_donut, reono_crystal_passage, nzn_random_ring, uniq_pikel
D:6:      layout_loops_ring, trog_ov_bears_minmay,
          nicolae_uskayaw_murder_on_the_dancefloor, kiku_gazebo_pond_becter,
          hangedman_decor_riveting, minmay_misc_feat_pillars,
          nicolae_shop_overcharged_wands
D:7:      layout_layer_cave, serial_shops, nicolae_stop_n_shop_1
D:8:      layout_loops_ring, zin_angel, lemuel_coloured_pillars_altar,
          lair_entry_dummy, gammafunk_ghost_split, guppyfry_early_elven_hall
D:9:      kennysheep_blocky_room, layout_basic, kennysheep_small_spiral,
          minmay_guarded_unrand_staff_of_olgreb
D:10:     minmay_bubble_buster, layout_loops_ring, lemuel_doored_altar,
          serial_bayou, serial_bayou_pond_a, serial_bayou_lagoon_a,
          serial_bayou_pond_e, serial_bayou_pond_b, serial_bayou_pond_d
D:11:     layout_loops_ring, special_room [special_room_kobold], minmay_puff,
          uniq_lodul
D:12:     layout_basic, orc_david_3
Temple:   minmay_temple_curvy_loop
Lair:1:   layout_hall_layers, hangedman_lair_generics_rect
Lair:2:   layout_chaotic_city, skrybe_swamp_entry_bodies, minmay_lindwurm_lava
Lair:3:   layout_regular_city, dummy_snake_entry
Orc:1:    layout_diamond_mine, serial_shops, shop, shop
Orc:2:    grunt_orc_community_town_hall, layout_diamond_mine,
          grunt_orc_community_big_house_2, grunt_orc_community_big_house_2,
          grunt_orc_community_house_2, grunt_orc_community_house_3,
          grunt_orc_community_house_1, grunt_orc_community_house_2,
          grunt_orc_community_house_1, grunt_orc_community_house_1

Skill      XL: |  1  2  3  4  5  6  7  8  9 10 11 12 13 14 |
---------------+-------------------------------------------+-----
Armour         | 4 5 6 7 8 10 12 13 14 | 14.8
Fighting       | 4 5 6 7 8 10 11 13 | 13.4
Shields        | 4 5 6 8 9 11 12 14 15 | 15.1
Long Blades    | 3 4 5 6 8 9 11 12 14 15 16 | 16.3
Dodging        | 1 2 |  2.6
Invocations    | 1 2 |  2.7
Stealth        | 1 |  1.4
Maces & Flails | 1 2 |  2.7
Evocations     | 1 |  1.2

Action                     |  1- 3 |  4- 6 |  7- 9 | 10-12 | 13-15 || total
---------------------------+-------+-------+-------+-------+-------++-------
  Melee: Long sword        |    88 |   122 |   298 |   983 |   722 ||  2213
         Headbutt          |    13 |    14 |    70 |   278 |   204 ||   579
         Whip              |       |       |       |     6 |    30 ||    36
 Invoke: Heroism           |       |       |     1 |    10 |     8 ||    19
  Evoke: Wand              |       |       |       |     2 |     3 ||     5
         Phial of floods   |       |       |       |       |     1 ||     1
    Use: Scroll            |     1 |     2 |     3 |    11 |     1 ||    18
         Potion            |       |       |       |     4 |     2 ||     6
 Armour: Scale mail        |     5 |       |       |       |       ||     5
         Plate armour      |    79 |   103 |   181 |   609 |   319 ||  1291
         Chain mail        |       |       |       |       |   140 ||   140
  Dodge: Dodged            |    29 |    34 |    54 |   219 |   174 ||   510
  Block: Buckler           |    17 |    75 |   156 |   526 |   467 ||  1241
         Reflection        |       |     4 |     9 |    17 |    20 ||    50
